[Event "Titled Tuesday Blitz June 13 Late 2023"]
[White "Korkmaz, Necmettin"]
[Black "Goltsev, Dmitry"]
[WhiteFideId "6303285"]
[BlackFideId "24176710"]
[WhiteElo "2097"]
[BlackElo "2356"]
[Result "0-1"]
[Round "11"]
[TimeControl "180+2"]
[Date "2023.06.13"]
[WhiteClock "0:00:08"]
[BlackClock "0:00:34"]
[Board "30"]

1. e4 e6 2. d3 d5 3. Nd2 Nf6 4. Ngf3 Bc5 5. e5 Nfd7 6. d4 Bb6 7. Bd3 c5 8. c3 cxd4 9. cxd4 Nc6 10. Nb3 h6 11. O-O g5 12. Be3 f5 13. exf6 Qxf6 14. Ne5 Ndxe5 15. dxe5 Nxe5 16. Bxb6 axb6 17. Bb5+ Bd7 18. Qe2 O-O 19. Bxd7 Nxd7 20. Qb5 Rf7 21. Rac1 Rxa2 22. Rc7 Nf8 23. Rxf7 Qxf7 24. Nc1 Ra1 25. Qxb6 Qf4 26. Qc5 Qd2 27. b4 d4 28. g3 Qc3 29. Qxc3 dxc3 30. Ne2 Ra4 31. Rb1 c2 32. Rc1 Rxb4 33. Rxc2 Kf7 34. Rc7+ Kf6 35. f4 Ng6 36. fxg5+ hxg5 37. Kf2 Ne5 38. h3 b5 39. Rb7 Rb2 40. Ke3 Nc4+ 41. Kf3 b4 42. Nd4 e5 43. Nc6 e4+ 44. Kg4 e3 45. Kf3 e2 46. Kf2 Ne3 47. Rxb4 Nc2 48. Rxb2 e1=Q+ 49. Kg2 Qe2+ 50. Kg1 Qe3+ 51. Kh2 Qf2+ 52. Kh1 Qf3+ 53. Kh2 Qxc6 0-1


[Site "https://www.chess.com"]

[Event "Titled Tuesday Blitz June 13 Late 2023"]
[White "Rustemov, Alexander"]
[Black "Vovk, Orest"]
[WhiteFideId "4119002"]
[BlackFideId "14113490"]
[WhiteElo "2775"]
[BlackElo "2215"]
[Result "0-1"]
[Round "11"]
[TimeControl "180+2"]
[Date "2023.06.13"]
[WhiteClock "0:00:00"]
[BlackClock "0:00:13"]
[Board "31"]

1. g4 d5 2. Bg2 Bxg4 3. c4 d4 4. Bxb7 Nd7 5. Bxa8 Qxa8 6. f3 d3 7. exd3 Ngf6 8. d4 e6 9. Nc3 Be7 10. d3 Nh5 11. Be3 O-O 12. Qe2 Bf5 13. O-O-O c5 14. d5 Bf6 15. Ne4 exd5 16. Ng3 Nxg3 17. hxg3 dxc4 18. dxc4 Rb8 19. Rd2 Qb7 20. Nh3 Qa6 21. b3 Rxb3 22. Rc2 Bxc2 23. Qxc2 Rc3 24. Rh2 Qxc4 25. Nf4 Rxc2+ 26. Rxc2 Qf1+ 27. Kd2 Qxf3 28. Ne2 h6 29. Bf4 g5 30. Be3 Qd5+ 31. Ke1 Ne5 0-1


[Site "https://www.chess.com"]

[Event "Titled Tuesday Blitz June 13 Late 2023"]
[White "Zavgorodniy, Sergiy"]
[Black "Kuznetsov, Felix"]
[WhiteFideId "14110148"]
[BlackFideId "34147990"]
[WhiteElo "2402"]
[BlackElo "2281"]
[Result "1-0"]
[Round "11"]
[TimeControl "180+2"]
[Date "2023.06.13"]
[WhiteClock "0:00:10"]
[BlackClock "0:00:02"]
[Board "32"]

1. d4 Nf6 2. c4 e6 3. Nf3 a6 4. e3 d5 5. Nbd2 dxc4 6. Bxc4 b5 7. Bd3 Bb7 8. Qe2 Nbd7 9. e4 c5 10. O-O cxd4 11. e5 Nd5 12. Nb3 Be7 13. Nbxd4 Qb6 14. a4 bxa4 15. Bc4 Nc5 16. Bg5 Bxg5 17. Nxg5 Nf4 18. Qg4 Nxg2 19. Ngf3 Nd7 20. Qxg2 Nxe5 21. Qxg7 Nxf3+ 22. Nxf3 O-O-O 23. Ng5 Rhg8 24. Qe5 Qd4 25. Qg3 h6 26. Bxe6+ Rd7 27. Rac1+ Kd8 28. Qb8+ Ke7 29. Qxg8 fxe6 30. Qxe6+ Kf8 31. Qxh6+ Rg7 32. Qh8+ Ke7 33. Rfe1+ Kd7 34. Qe8+ Kd6 35. Qe6# 1-0


[Site "https://www.chess.com"]

[Event "Titled Tuesday Blitz June 13 Late 2023"]
[White "Pakleza, Zbigniew"]
[Black "Sreyas Payyappat"]
[WhiteFideId "1119290"]
[BlackFideId "46674969"]
[WhiteElo "2410"]
[BlackElo "2043"]
[Result "1-0"]
[Round "11"]
[TimeControl "180+2"]
[Date "2023.06.13"]
[WhiteClock "0:00:04"]
[BlackClock "0:00:00"]
[Board "33"]

1. d4 Nf6 2. Nf3 c5 3. c3 d5 4. Bf4 Nc6 5. Nbd2 e6 6. e3 Nh5 7. Be5 Nxe5 8. Nxe5 Nf6 9. Bd3 Qc7 10. f4 c4 11. Bc2 b5 12. a3 Bd6 13. O-O a5 14. Qf3 Bb7 15. g4 O-O-O 16. g5 Ne8 17. Qh3 Kb8 18. Kh1 f6 19. Ng6 hxg6 20. Qxh8 fxg5 21. fxg5 e5 22. Bxg6 exd4 23. exd4 Bf4 24. Bxe8 Bxd2 25. Rf8 Qe7 26. Raf1 Qe4+ 27. R1f3 Ka7 28. Bh5 Qe1+ 29. Kg2 Qe2+ 30. Rf2 Rxf8 31. Qxf8 Qxh5 32. Qxg7 Qg4+ 33. Kf1 Be3 34. Rf7 Qd1+ 35. Kg2 Qe2+ 36. Kg3 Qe1+ 37. Kg4 Qg1+ 38. Kf5 Qb1+ 39. Ke6 Qe4+ 40. Kd6 Bf4+ 41. Kc5 1-0


[Site "https://www.chess.com"]

[Event "Titled Tuesday Blitz June 13 Late 2023"]
[White "Fisher_TheGalactic"]
[Black "HamedWafa4"]
[WhiteElo "2687"]
[BlackElo "2555"]
[Result "1-0"]
[Round "11"]
[TimeControl "180+2"]
[Date "2023.06.13"]
[WhiteClock "0:01:38"]
[BlackClock "0:00:14"]
[Board "34"]

1. Nf3 Nf6 2. d4 c5 3. dxc5 e6 4. e3 Bxc5 5. Bd3 d5 6. O-O Nc6 7. Qe2 O-O 8. Rd1 Qe7 9. c4 dxc4 10. Bxc4 b6 11. Nc3 Bb7 12. b3 Rfd8 13. Bb2 Rxd1+ 14. Rxd1 Rd8 15. h3 Rxd1+ 16. Qxd1 Qd7 17. Qe2 h6 18. a3 Qe7 19. b4 Bd6 20. Nb5 Bb8 21. Nbd4 Ne5 22. Nxe5 Bxe5 23. Ba6 Bxa6 24. Qxa6 Qd7 25. Qc4 Qd5 26. Qc8+ Kh7 27. Qc2+ Kg8 28. Nc6 Bd6 29. Nxa7 Ne4 30. Nc8 Bf8 31. Nxb6 Qb7 32. Nc4 Qc6 33. Qd3 Ng5 34. Ne5 Qc7 35. f4 Nh7 36. Qd7 Qc2 37. Qxf7+ Kh8 38. Ng6+ Qxg6 39. Qxg6 1-0


[Site "https://www.chess.com"]

[Event "Titled Tuesday Blitz June 13 Late 2023"]
[White "Petesch, Gabriel"]
[Black "benny_aizenberg"]
[WhiteFideId "2032465"]
[WhiteElo "2374"]
[BlackElo "2681"]
[Result "1-0"]
[Round "11"]
[TimeControl "180+2"]
[Date "2023.06.13"]
[WhiteClock "0:00:08"]
[BlackClock "0:00:02"]
[Board "35"]

1. d4 g5 2. Bxg5 Bg7 3. Bc1 c5 4. dxc5 Na6 5. Nf3 Nxc5 6. g3 Qb6 7. c3 Ne4 8. e3 Ngf6 9. Bg2 d6 10. Nbd2 Bd7 11. Nxe4 Nxe4 12. Nd2 Nxd2 13. Bxd2 Qxb2 14. Rb1 Qxa2 15. Rxb7 Rd8 16. Rxd7 Rxd7 17. Bc6 Qc4 18. Qa4 Qxa4 19. Bxa4 Kd8 20. Bxd7 Kxd7 21. Kd1 Kc6 22. Kc2 a5 23. Ra1 Ra8 24. Ra4 Kb5 25. Kb3 d5 26. f4 e6 27. Be1 Bf8 28. Bd2 Bc5 29. g4 Rg8 30. g5 h6 31. h4 Rh8 32. c4+ dxc4+ 33. Rxc4 hxg5 34. fxg5 Rd8 35. Bxa5 Rd3+ 36. Rc3 Rd1 37. Kc2 Rh1 38. Bd8 Rxh4 39. g6 Rh2+ 40. Kd3 fxg6 41. Ke4 Rh5 42. Bf6 Rf5 43. Bd4 Bd6 44. Rc8 g5 45. Re8 Kc6 46. Rxe6 Ra5 47. Rg6 Kd7 48. Bf6 g4 49. Rxg4 Ke6 50. Bd4 Be7 51. Rg6+ Kf7 52. Rb6 Rh5 53. Rb7 Ke6 54. Rb6+ Bd6 55. Kd3 Kd7 56. Ra6 Bc7 57. Kc4 Bd6 58. Ra7+ Kc6 59. Ra6+ Kd7 60. e4 Bc7 61. Rg6 Bd6 62. Rg7+ Kc6 63. Rg6 Kd7 64. Kd3 Ra5 65. Rg7+ Kc6 66. Rg6 Kd7 67. Kc4 Ra4+ 68. Kd3 Ra3+ 69. Ke2 Bf4 70. e5 Ke7 71. Bc5+ Kf7 72. Rf6+ Kg7 73. Bf8+ Kg8 74. Bxa3 Bxe5 75. Rf5 Bc3 76. Kf3 Kg7 77. Kg4 Kg6 78. Bc5 Bb2 79. Bd6 Bc3 80. Be5 Bb4 81. Rg5+ Kh6 82. Bg7+ Kh7 83. Kf5 Be7 84. Bf6 Ba3 85. Rh5+ Kg8 86. Ke6 Bb2 87. Rh8# 1-0


[Site "https://www.chess.com"]

[Event "Titled Tuesday Blitz June 13 Late 2023"]
[White "Annaberdiyev, Meylis"]
[Black "Estrada Nieto, Julian"]
[WhiteFideId "14000563"]
[BlackFideId "5101018"]
[WhiteElo "2416"]
[BlackElo "2161"]
[Result "1-0"]
[Round "11"]
[TimeControl "180+2"]
[Date "2023.06.13"]
[WhiteClock "0:00:38"]
[BlackClock "0:00:05"]
[Board "36"]

1. e4 e5 2. Nf3 Nc6 3. Bb5 a6 4. Ba4 Nf6 5. O-O Be7 6. Bxc6 dxc6 7. d3 Nd7 8. Nbd2 f6 9. Nc4 Nc5 10. Nh4 g6 11. f4 exf4 12. Bxf4 Be6 13. b3 g5 14. d4 Nxe4 15. Qe2 Qxd4+ 16. Be3 Bxc4 17. bxc4 Qxe3+ 18. Qxe3 Bc5 19. Rae1 O-O-O 20. Nf5 Bxe3+ 21. Rxe3 Nd2 22. Ne7+ Kb8 23. Rxf6 Nxc4 24. Rb3 Ka7 25. h3 Rhf8 26. Rh6 Rf7 27. Re6 Rd7 28. Nc8+ Kb8 29. Re8 b6 30. Nxb6+ Kb7 31. Nxc4+ Ka7 32. Ne5 Rd1+ 33. Kh2 Rff1 34. Nxc6# 1-0


[Site "https://www.chess.com"]

[Event "Titled Tuesday Blitz June 13 Late 2023"]
[White "Arabidze, Meri"]
[Black "marik_spb"]
[WhiteFideId "13604040"]
[WhiteElo "2405"]
[BlackElo "2503"]
[Result "1-0"]
[Round "11"]
[TimeControl "180+2"]
[Date "2023.06.13"]
[WhiteClock "0:00:06"]
[BlackClock "0:00:00"]
[Board "37"]

1. d4 Nf6 2. c4 e6 3. Nc3 Bb4 4. f3 c5 5. a3 Bxc3+ 6. bxc3 O-O 7. e4 d6 8. Bd3 Nc6 9. Ne2 e5 10. O-O b6 11. d5 Na5 12. Ng3 Ba6 13. Nf5 Ne8 14. f4 Bxc4 15. Bxc4 Nxc4 16. Qg4 g6 17. Nh6+ Kh8 18. Qe2 b5 19. a4 a6 20. axb5 axb5 21. Rxa8 Qxa8 22. fxe5 Nxe5 23. Qxb5 Kg7 24. h3 Qa2 25. Bf4 Qc2 26. Bxe5+ Kxh6 27. Bf4+ Kg7 28. e5 Qxc3 29. exd6 Qd4+ 30. Kh1 Qxd5 31. d7 Nf6 32. Qb2 Qd3 33. Rf2 Qd1+ 34. Kh2 Qxd7 35. Be5 Kg8 36. Bxf6 Re8 37. Bg5 Qd4 38. Qxd4 cxd4 39. Bf6 d3 40. Rd2 Re3 41. Bd4 Re4 42. Rxd3 h5 43. Kg3 Kh7 44. Kf3 Re8 45. h4 1-0


[Site "https://www.chess.com"]

[Event "Titled Tuesday Blitz June 13 Late 2023"]
[White "Saveliev, Alexei"]
[Black "Rodriguez, Santiago"]
[WhiteFideId "24128546"]
[BlackFideId "3000591"]
[WhiteElo "2271"]
[BlackElo "2249"]
[Result "1-0"]
[Round "11"]
[TimeControl "180+2"]
[Date "2023.06.13"]
[WhiteClock "0:00:58"]
[BlackClock "0:00:00"]
[Board "38"]

1. c4 e5 2. Nc3 Nc6 3. Nf3 f5 4. d4 e4 5. d5 exf3 6. dxc6 bxc6 7. exf3 Nf6 8. Bd3 d6 9. O-O Be7 10. Qc2 g6 11. Bh6 Kf7 12. Rfe1 Re8 13. Rad1 Rb8 14. Bc1 Bf8 15. Qa4 Rxe1+ 16. Rxe1 Bd7 17. Qxa7 c5 18. b3 Bc6 19. Qa3 Bg7 20. Bg5 Qd7 21. Qc1 Ra8 22. Bh6 Bh8 23. h4 Qc8 24. Bg5 Qb7 25. Bb1 Re8 26. Rxe8 Bxe8 27. Bxf6 Bxf6 28. Nd5 Bg7 29. Qe1 Bf8 30. h5 Bc6 31. hxg6+ hxg6 32. Nf4 Qc8 33. a3 Bh6 34. Nd5 Bxd5 35. cxd5 Bg7 36. Bd3 Bf6 37. a4 Qb8 38. Qe6+ Kg7 39. Bc4 Qb4 40. g3 Bd4 41. Qe7+ Kh6 42. Kg2 1-0


[Site "https://www.chess.com"]

[Event "Titled Tuesday Blitz June 13 Late 2023"]
[White "Vlassov, Nikolai"]
[Black "Ansh M Shah"]
[WhiteFideId "4103360"]
[BlackFideId "25033379"]
[WhiteElo "2324"]
[BlackElo "2084"]
[Result "0-1"]
[Round "11"]
[TimeControl "180+2"]
[Date "2023.06.13"]
[WhiteClock "0:00:00"]
[BlackClock "0:00:35"]
[Board "39"]

1. e4 c6 2. d4 d5 3. e5 Bf5 4. Nc3 e6 5. g4 Bg6 6. Nge2 c5 7. Be3 Nc6 8. dxc5 Nxe5 9. Nf4 Nc6 10. Bb5 Ne7 11. Qe2 a6 12. Ba4 Qa5 13. a3 O-O-O 14. b4 Qc7 15. b5 axb5 16. Bxb5 d4 17. h4 dxc3 18. h5 Be4 19. f3 Bd5 20. Kf2 Ne5 21. a4 N7c6 22. Nxd5 Rxd5 23. Rhd1 Bxc5 24. Rxd5 Bxe3+ 25. Qxe3 exd5 26. Qxc3 Nc4 27. Kg2 Qe5 28. Qxe5 N6xe5 29. a5 Kc7 30. a6 Ra8 31. Kg3 bxa6 32. Rxa6 Rxa6 33. Bxa6 Na3 34. f4 Nec4 35. c3 Kd6 36. g5 h6 37. Kg4 Ne3+ 38. Kf3 Nac4 39. gxh6 gxh6 40. Bc8 Nd1 41. Kg4 Nce3+ 42. Kf3 Nc2 43. Ke2 Nb2 44. Kd2 Na3 45. Ke3 Nb5 0-1


[Site "https://www.chess.com"]

[Event "Titled Tuesday Blitz June 13 Late 2023"]
[White "Bernado Lopez, Roger"]
[Black "Schnaider, Ilan"]
[WhiteFideId "24585009"]
[BlackFideId "169013"]
[WhiteElo "2097"]
[BlackElo "2224"]
[Result "0-1"]
[Round "11"]
[TimeControl "180+2"]
[Date "2023.06.13"]
[WhiteClock "0:00:29"]
[BlackClock "0:02:01"]
[Board "40"]

1. e4 c5 2. Nf3 d6 3. d4 cxd4 4. Nxd4 Nf6 5. Nc3 a6 6. Bg5 e6 7. f4 Be7 8. Qf3 Qc7 9. O-O-O Nbd7 10. g4 h6 11. Bxf6 Bxf6 12. h4 Bxd4 13. Rxd4 b5 14. Bxb5 axb5 15. Nxb5 Qc5 16. Nxd6+ Ke7 17. Rhd1 Rxa2 18. Nxc8+ Rxc8 19. Rxd7+ Ke8 20. c3 Qb5 21. Kd2 Qxd7+ 22. Ke1 Qb5 23. e5 Qxb2 24. Qe4 0-1


[Site "https://www.chess.com"]

[Event "Titled Tuesday Blitz June 13 Late 2023"]
[White "Zhigalko, Sergei"]
[Black "GAO"]
[WhiteFideId "13502956"]
[WhiteElo "2626"]
[BlackElo "2426"]
[Result "1-0"]
[Round "11"]
[TimeControl "180+2"]
[Date "2023.06.13"]
[WhiteClock "0:00:51"]
[BlackClock "0:00:03"]
[Board "41"]

1. g4 d5 2. Bg2 c6 3. g5 e5 4. h4 Bd6 5. d3 Bg4 6. c4 Ne7 7. Nc3 Bb4 8. Bd2 O-O 9. Qb3 Na6 10. cxd5 cxd5 11. Nf3 d4 12. Ne4 Bxd2+ 13. Nfxd2 b6 14. h5 Be6 15. Qb5 Nc5 16. Nxc5 bxc5 17. Bxa8 Qxa8 18. Ne4 Bd5 19. f3 Nf5 20. h6 Rb8 21. Qxc5 Rxb2 22. hxg7 Bxe4 23. fxe4 Ne3 24. Rxh7 Nc2+ 25. Kf2 Kxh7 26. Qf8 Qxf8 27. gxf8=Q Nxa1 28. Qxf7+ Kh8 29. g6 Rb7 30. Qf8# 1-0


[Site "https://www.chess.com"]

[Event "Titled Tuesday Blitz June 13 Late 2023"]
[White "Pinheiro, Iung Alicio de O."]
[Black "Martinez Ramirez, Lennis"]
[WhiteFideId "2104350"]
[BlackFideId "3509079"]
[WhiteElo "2283"]
[BlackElo "2410"]
[Result "0-1"]
[Round "11"]
[TimeControl "180+2"]
[Date "2023.06.13"]
[WhiteClock "0:00:03"]
[BlackClock "0:00:10"]
[Board "42"]

1. e4 c5 2. Nc3 Nc6 3. Bb5 Nd4 4. Bc4 e6 5. Nge2 Nf6 6. d3 Nc6 7. Bg5 a6 8. a3 Be7 9. Bxf6 Bxf6 10. O-O b5 11. Ba2 Bb7 12. Ng3 g6 13. f4 Bd4+ 14. Kh1 h5 15. e5 d6 16. exd6 Qxd6 17. Nge4 Qe7 18. Rb1 h4 19. h3 Rd8 20. Ne2 Bg7 21. Qe1 Kf8 22. Rd1 Bxb2 23. c3 Bxa3 24. Ng5 c4 25. dxc4 Rxd1 26. Qxd1 b4 27. Nd4 bxc3 28. c5 Nd8 29. c6 Bxc6 30. Nxc6 Nxc6 31. Qd3 Bb2 32. Rd1 Kg7 33. Re1 Rd8 34. Qc4 Rd6 35. Ne4 a5 36. Bb1 Nb4 37. Nxd6 Qxd6 38. Qe4 Qc5 39. Kh2 a4 40. Re2 a3 41. f5 exf5 42. Qxh4 a2 43. Bxa2 Nxa2 44. Re8 Qd6+ 45. Kh1 Qd1+ 46. Kh2 Qh5 47. Qd4+ f6 48. Qd7+ Kh6 49. Rh8+ Kg5 50. Rxh5+ Kxh5 51. Qd3 Nc1 52. Qf3+ Kh6 53. Qf4+ Kg7 54. Qc7+ Kh6 55. Qd8 Kg5 56. Kg3 Ne2+ 57. Kf2 Nf4 58. g3 Nxh3+ 59. Kf3 Ng1+ 60. Kg2 Ne2 61. Kf3 Nc1 62. Qh8 f4 63. Qh4+ Kf5 64. Qxf4+ Ke6 65. Qe4+ Kd6 66. Qxg6 Ke6 67. Qe4+ Kf7 68. g4 Kg7 69. Qe7+ Kg6 70. Qe8+ Kg7 71. Qd7+ Kg6 72. Qd5 Kg7 73. Kg3 Ne2+ 74. Kh4 Nf4 75. Qd7+ Kh6 76. Qf5 Ng6+ 77. Kg3 Kg7 78. Qd7+ Kh6 79. Kg2 c2 80. Kf3 c1=Q 81. Qd8 Qf4+ 82. Ke2 Qxg4+ 83. Kd3 Qe6 84. Kc2 Be5 85. Qd2+ Nf4 86. Qh2+ Qh3 87. Qd2 Qd3+ 88. Qxd3 Nxd3 89. Kxd3 Kg5 90. Ke4 Kg4 91. Ke3 f5 92. Kf2 f4 93. Kf1 f3 94. Kf2 Bd4+ 95. Kf1 Kg3 96. Ke1 Kg2 97. Kd1 f2 98. Kd2 f1=Q 0-1


[Site "https://www.chess.com"]

[Event "Titled Tuesday Blitz June 13 Late 2023"]
[White "Deng, Henry"]
[Black "Rosen, Eric"]
[WhiteFideId "30965454"]
[BlackFideId "2032562"]
[WhiteElo "2548"]
[BlackElo "2331"]
[Result "1-0"]
[Round "11"]
[TimeControl "180+2"]
[Date "2023.06.13"]
[WhiteClock "0:02:32"]
[BlackClock "0:00:00"]
[Board "43"]

1. e4 e5 2. Nf3 Nc6 3. d4 exd4 4. Bc4 Nf6 5. e5 d5 6. Bb5 Ne4 7. Nxd4 Bd7 8. Bxc6 bxc6 9. O-O Bc5 10. f3 Ng5 11. f4 Ne4 12. Be3 Qb8 13. Nc3 Qxb2 14. Nxe4 dxe4 15. Qd2 O-O 16. Nb3 Bxe3+ 17. Qxe3 Qxc2 18. f5 Rfe8 19. Rad1 Rad8 20. f6 Rxe5 21. Qg3 g6 22. Qxe5 e3 23. Rxd7 Rf8 24. Qe7 1-0


[Site "https://www.chess.com"]

[Event "Titled Tuesday Blitz June 13 Late 2023"]
[White "Martins, Bruno Andre Leite"]
[Black "Jaskolka, Tomasz"]
[WhiteFideId "1942255"]
[BlackFideId "1170791"]
[WhiteElo "2241"]
[BlackElo "2155"]
[Result "1-0"]
[Round "11"]
[TimeControl "180+2"]
[Date "2023.06.13"]
[WhiteClock "0:00:03"]
[BlackClock "0:00:00"]
[Board "44"]

1. e4 d5 2. exd5 Nf6 3. d4 Bg4 4. Bb5+ c6 5. dxc6 Nxc6 6. Ne2 Qb6 7. Nbc3 e6 8. f3 Bf5 9. Be3 Bb4 10. O-O O-O 11. Bd3 Bxd3 12. Qxd3 Rfd8 13. Qc4 Rac8 14. Qb5 Qc7 15. Bf4 Bd6 16. Bxd6 Qxd6 17. Rad1 a6 18. Qg5 h6 19. Qg3 Qb4 20. Ne4 Nxe4 21. fxe4 Qxb2 22. Qf3 Rc7 23. c3 Qxa2 24. Ng3 Rf8 25. Nh5 Ne7 26. Qg3 Ng6 27. Qxc7 Qe2 28. Nf4 Qe3+ 29. Kh1 Nh4 30. Qe5 Rc8 31. Qh5 g5 32. Nd5 exd5 33. Qxf7+ Kh8 34. Qf6+ Kh7 35. Qe7+ Kh8 36. Qe5+ Kh7 37. Rf7+ Kg6 38. Rf6+ Kh5 39. h3 Ng6 40. Qf5 1-0


[Site "https://www.chess.com"]

[Event "Titled Tuesday Blitz June 13 Late 2023"]
[White "D`Arruda, Ricardo D."]
[Black "Goryachkina, Aleksandra"]
[WhiteFideId "100692"]
[BlackFideId "4147103"]
[WhiteElo "2544"]
[BlackElo "2471"]
[Result "0-1"]
[Round "11"]
[TimeControl "180+2"]
[Date "2023.06.13"]
[WhiteClock "0:00:54"]
[BlackClock "0:00:33"]
[Board "45"]

1. Nf3 d5 2. d4 Nf6 3. c4 e6 4. Nc3 Nbd7 5. Bg5 h6 6. Bh4 Be7 7. e3 O-O 8. Qc2 a6 9. cxd5 exd5 10. Bd3 c6 11. O-O Re8 12. Rfe1 Nf8 13. Ne5 Ng4 14. Bg3 Bd6 15. Nxg4 Bxg4 16. Bf5 Bxf5 17. Qxf5 Bxg3 18. hxg3 Qd6 19. Rab1 a5 20. a3 Ne6 21. b4 axb4 22. axb4 Ra3 23. Rec1 b5 24. Qc2 Rea8 25. Ne2 R8a6 26. Nf4 Nxf4 27. gxf4 Ra2 28. Qf5 Qe6 29. Qh5 Kh7 30. f5 Qf6 31. Qf3 Qg5 32. Rc5 Ra1 33. Rxa1 Rxa1+ 34. Kh2 Qh4+ 35. Qh3 Qxf2 36. Rxc6 Qg1+ 37. Kg3 Qxe3+ 38. Kh2 Qg1+ 0-1


[Site "https://www.chess.com"]

[Event "Titled Tuesday Blitz June 13 Late 2023"]
[White "Musovic, Armin"]
[Black "Bjelobrk, Igor"]
[WhiteFideId "939935"]
[BlackFideId "4300726"]
[WhiteElo "2322"]
[BlackElo "2319"]
[Result "0-1"]
[Round "11"]
[TimeControl "180+2"]
[Date "2023.06.13"]
[WhiteClock "0:00:00"]
[BlackClock "0:00:12"]
[Board "46"]

1. a3 d5 2. Nc3 Nf6 3. d3 Nbd7 4. Bg5 h6 5. Bh4 c6 6. e4 dxe4 7. dxe4 e5 8. h3 a5 9. Nf3 Qc7 10. Bg3 Nh5 11. Bh2 Nf4 12. Qd2 g5 13. g3 Ne6 14. Bc4 Ndc5 15. g4 Bg7 16. O-O-O b5 17. Bxb5 cxb5 18. Nxb5 Qb6 19. Nd6+ Kf8 20. Nxe5 Nf4 21. Bxf4 gxf4 22. Ndxf7 Be6 23. Qxf4 Rb8 24. Nxh8+ Kg8 25. b4 axb4 26. Nc4 Bxc4 27. a4 Kxh8 28. Rd6 Qa7 29. Rxh6+ Kg8 0-1


[Site "https://www.chess.com"]

[Event "Titled Tuesday Blitz June 13 Late 2023"]
[White "Sydoryka, Vladyslav"]
[Black "Peycheva, Gergana"]
[WhiteFideId "14145928"]
[BlackFideId "2916711"]
[WhiteElo "2269"]
[BlackElo "2216"]
[Result "0-1"]
[Round "11"]
[TimeControl "180+2"]
[Date "2023.06.13"]
[WhiteClock "0:00:00"]
[BlackClock "0:00:09"]
[Board "47"]

1. c4 c5 2. g3 Nc6 3. Bg2 g6 4. Nc3 Bg7 5. Nf3 e5 6. O-O d6 7. a3 Be6 8. d3 Nge7 9. Ng5 Bc8 10. Rb1 a5 11. Qa4 O-O 12. b4 Nd4 13. bxc5 dxc5 14. e3 Ndc6 15. Qc2 h6 16. Nge4 b6 17. Nd5 Rb8 18. Nxe7+ Qxe7 19. Nc3 Qd6 20. Bd2 Be6 21. Nd5 Bxd5 22. Bxd5 Ne7 23. e4 Kh7 24. Rb5 f5 25. exf5 Nxf5 26. Be4 Nd4 27. Qb1 Nxb5 28. Qxb5 Rf6 29. Be3 Rbf8 30. Qb3 R6f7 31. Qd1 Bf6 32. Qg4 Be7 33. h4 Kg7 34. Rb1 Bg5 35. hxg5 hxg5 36. Qxg5 Kg8 37. Bxg6 Rg7 38. Qh5 Qxg6 39. Qe2 Qe6 40. Kg2 Qf6 41. Rh1 e4 42. dxe4 Qe5 43. Bf4 Qd4 44. e5 Re8 0-1


[Site "https://www.chess.com"]

[Event "Titled Tuesday Blitz June 13 Late 2023"]
[White "robertoalejandro10"]
[Black "Uzcategui Rodriguez, Alejandro"]
[BlackFideId "3903400"]
[WhiteElo "2617"]
[BlackElo "2252"]
[Result "0-1"]
[Round "11"]
[TimeControl "180+2"]
[Date "2023.06.13"]
[WhiteClock "0:00:02"]
[BlackClock "0:00:51"]
[Board "48"]

1. Nf3 Nf6 2. c4 d6 3. Nc3 Nbd7 4. g3 e5 5. Bg2 Be7 6. O-O O-O 7. b3 c6 8. Bb2 a6 9. e4 b5 10. d3 Bb7 11. Re1 Re8 12. d4 Bf8 13. dxe5 Nxe5 14. Nxe5 dxe5 15. Qc2 Qb6 16. Nd1 Bc5 17. Ne3 Rad8 18. Rac1 Bd4 19. c5 Qa5 20. a3 Bxb2 21. Qxb2 Rd2 22. Qa1 Red8 23. Nf5 Qc7 24. Nd6 Rd4 25. b4 Ne8 26. Nf5 Rd2 27. Rcd1 g6 28. Nd6 Rxd1 29. Rxd1 Nxd6 30. cxd6 Rxd6 31. Rc1 Rd4 32. Qc3 Rc4 33. Qd2 c5 34. Rd1 Rd4 35. Qc2 c4 36. Re1 Qd6 37. Bf1 Rd2 38. Qb1 Qd4 39. Re2 Rxe2 40. Bxe2 Bxe4 41. Qc1 c3 42. h4 c2 43. Qg5 Qa1+ 44. Bf1 c1=Q 45. Qd8+ Kg7 0-1


[Site "https://www.chess.com"]

[Event "Titled Tuesday Blitz June 13 Late 2023"]
[White "Moral Garcia, Serafin"]
[Black "Rottenwohrer Suarez, Juan"]
[WhiteFideId "2201925"]
[BlackFideId "32068182"]
[WhiteElo "2274"]
[BlackElo "2174"]
[Result "1-0"]
[Round "11"]
[TimeControl "180+2"]
[Date "2023.06.13"]
[WhiteClock "0:01:44"]
[BlackClock "0:00:45"]
[Board "49"]

1. e4 c5 2. Nf3 g6 3. d4 cxd4 4. Qxd4 Nf6 5. e5 Nc6 6. Qa4 Nd5 7. Qe4 Nb6 8. Nc3 Bg7 9. Bf4 d5 10. exd6 Bf5 11. dxe7 Qd7 12. Qe2 Nb4 13. Ne4 Qxe7 14. Nd6+ Kd7 15. Qxe7+ Kxe7 16. Nxf5+ gxf5 17. O-O-O Nxa2+ 18. Kb1 Nb4 19. Bd6+ 1-0


[Site "https://www.chess.com"]

[Event "Titled Tuesday Blitz June 13 Late 2023"]
[White "Przybylski, Wojciech"]
[Black "Bartel, Michal"]
[WhiteFideId "1117599"]
[BlackFideId "1119257"]
[WhiteElo "2228"]
[BlackElo "2282"]
[Result "0-1"]
[Round "11"]
[TimeControl "180+2"]
[Date "2023.06.13"]
[WhiteClock "0:00:00"]
[BlackClock "0:00:27"]
[Board "50"]

1. d4 Nf6 2. c4 c5 3. e3 e6 4. Nf3 b6 5. Nc3 Bb7 6. Be2 Be7 7. O-O O-O 8. Re1 d6 9. h3 a6 10. a3 Qc7 11. b3 Nbd7 12. Bb2 Rac8 13. Rc1 Qb8 14. d5 exd5 15. cxd5 b5 16. b4 c4 17. e4 Rfe8 18. Nd4 Bf8 19. f3 Ne5 20. Rc2 Ng6 21. Bf1 Qa7 22. Kh2 Nd7 23. Nf5 Nde5 24. Nb1 Qb6 25. Bd4 Qd8 26. Qd2 Nh4 27. Rc3 Nxf5 28. exf5 Bxd5 29. Rce3 Qd7 30. Bc3 Bc6 31. f4 Qxf5 32. fxe5 dxe5 33. Rxe5 Rxe5 34. Bxe5 Re8 35. Bg3 Rxe1 36. Qxe1 h5 37. Nc3 Qc2 38. Be5 a5 39. Ne2 Qe4 40. Bg3 axb4 41. axb4 h4 42. Bf2 Bd6+ 43. Kh1 Qe5 44. Bg1 Qe6 45. Qxh4 Bxb4 46. Nd4 Qd5 47. Nxc6 Qxc6 48. Qd8+ Bf8 49. Bd4 c3 50. Qg5 c2 51. Be3 b4 52. Bd3 b3 53. Qh5 c1=Q+ 54. Bxc1 Qxc1+ 55. Kh2 Bd6+ 56. g3 Qd2+ 57. Qe2 Qxe2+ 58. Bxe2 b2 59. Bd3 Kf8 60. Kg2 Ke7 61. g4 Kf6 62. Kf3 Ke5 63. Ke3 Bc5+ 64. Kd2 Kf4 65. Kc2 Bd4 66. Bc4 f6 67. Be6 Kg3 68. Kb1 Kxh3 69. g5+ Kg3 70. gxf6 gxf6 71. Kc2 Kf4 72. Ba2 f5 73. Kd3 Bg7 74. Bb1 Kg3 75. Ke2 f4 76. Kf1 f3 77. Bc2 Kf4 78. Bb1 Ke3 79. Bc2 Bd4 80. Bf5 Kd2 81. Bg6 Kc1 82. Ke1 b1=Q 0-1


[Site "https://www.chess.com"]

[Event "Titled Tuesday Blitz June 13 Late 2023"]
[White "Seletsky, Grigory"]
[Black "Dobrowolski, Piotr"]
[WhiteFideId "14112191"]
[BlackFideId "1106236"]
[WhiteElo "2491"]
[BlackElo "2305"]
[Result "1/2-1/2"]
[Round "11"]
[TimeControl "180+2"]
[Date "2023.06.13"]
[WhiteClock "0:00:27"]
[BlackClock "0:01:02"]
[Board "51"]

1. e4 c5 2. Nf3 Nc6 3. d4 cxd4 4. Nxd4 Nf6 5. Nc3 e6 6. Ndb5 Bb4 7. a3 Bxc3+ 8. Nxc3 d5 9. exd5 exd5 10. Bd3 O-O 11. O-O d4 12. Ne2 Bg4 13. Bg5 Re8 14. f3 Bh5 15. Nf4 Bg6 16. Nxg6 hxg6 17. Re1 Qa5 18. Qd2 Qb6 19. Bxf6 gxf6 20. b3 Kg7 21. Re4 f5 22. Rxe8 Rxe8 23. Re1 Re3 24. Rxe3 dxe3 25. Qc3+ Qd4 26. Qxd4+ Nxd4 27. f4 f6 28. b4 g5 29. c3 Nb3 30. fxg5 fxg5 31. Bxf5 Nd2 32. Bd3 Kf6 33. h3 Ke5 34. g3 b6 35. Kg2 a5 36. h4 gxh4 37. gxh4 Kf4 38. Kh3 Ne4 39. Kg2 Nxc3 40. h5 Kg5 41. bxa5 bxa5 42. Kf3 e2 43. Bxe2 Nb1 44. a4 Nc3 45. Bb5 Kxh5 46. Ke3 Nxa4 47. Bxa4 Kh6 48. Kd4 Kg5 49. Kc5 Kh6 50. Kb5 Kg5 51. Kxa5 1/2-1/2


[Site "https://www.chess.com"]